 Dungeon Crawl Stone Soup version 0.21.1-1-g345015f (webtiles) character file.

20206 wilfster70 the Covert (level 12, -3/91 HPs)
             Began as a Gnoll Enchanter on July 5, 2018.
             Was a High Priest of Wu Jian.
             Slain by a komodo dragon (19 damage)
             ... on level 2 of the Lair of Beasts on July 6, 2018.
             The game lasted 00:59:01 (14820 turns).

wilfster70 the Covert (Gnoll Enchanter)            Turns: 14820, Time: 00:59:01

Health: -3/91      AC: 10    Str: 11    XL:     12   Next: 77%
Magic:  17/25      EV: 18    Int: 30    God:    Wu Jian [*****.]
Gold:   374        SH:  0    Dex: 20    Spells: 19/29 levels left

rFire    + . .     SeeInvis +   a - +2 dagger
rCold    + . .     Gourm    .   (no shield)
rNeg     . . .     Faith    .   i - +0 leather armour
rPois    +         Spirit   .   y - +1 helmet
rElec    .         Reflect  .   v - +1 cloak
rCorr    .         Harm     .   (no gloves)
MR       +....                  X - +0 pair of boots "Dyroch" {rPois MR+ Str+3}
Stlth    +++++.....             J - amulet "Guul Bae" {+Rage rC+ Int+4 SInv}
HPRegen  0.25/turn              (no ring)
MPRegen  0.19/turn              L - ring of Ruich {rF+ Str-2 Int+3 Dex+4 Stlth+}

@: no status effects
A: distributed training, fangs 1, strong nose
a: Wall Jump, Serpent's Lash, Heavenly Storm, Renounce Religion, Evoke Berserk
Rage


You were on level 2 of the Lair of Beasts.
You worshipped Wu Jian.
Wu Jian was extremely pleased with you.
You were not hungry.

You visited 3 branches of the dungeon, and saw 12 of its levels.
You also visited: Labyrinth and Bailey.

You collected 572 gold pieces.
You spent 198 gold pieces at shops.

Inventory:

Hand Weapons
 a - a +2 dagger (weapon)
 b - the +9 fustibalus "Gieroeh" {speed, rF++ MR++}
   (You found it on level 9 of the Dungeon)

   Attacks with this weapon are significantly faster.
   It greatly protects you from fire.
   It affects your resistance to hostile enchantments.
 w - a +1 halberd of electrocution
 M - a +2 scimitar of flaming
Missiles
 h - 392 stones (quivered)
 B - 68 tomahawks of returning
Armour
 i - a +0 leather armour (worn)
 v - a +1 cloak (worn)
 y - a +1 helmet (worn)
 X - the +0 pair of boots "Dyroch" (worn) {rPois MR+ Str+3}
   (You found it in a labyrinth)

   It affects your strength (+3).
   It protects you from poison.
   It affects your resistance to hostile enchantments.
Jewellery
 j - an uncursed ring of protection from cold
 H - the amulet "Nessel" {Spirit *Slow rC++ Slay+6}
   (You took it off an orc warrior on level 9 of the Dungeon)

   [amulet of guardian spirit]

   It causes incoming damage to be split between your health and magic.
   It affects your accuracy and damage with ranged weapons and melee attacks
   (+6).
   It greatly protects you from cold.
   It may slow you when you take damage.
 J - the amulet "Guul Bae" (around neck) {+Rage rC+ Int+4 SInv}
   (You found it on level 9 of the Dungeon)

   [amulet of rage]

   It affects your intelligence (+4).
   It protects you from cold.
   It lets you see invisible.
   It lets you go berserk.
 K - the amulet of Onuumy {RegenMP +Inv rF+ Str+3 Dex-3}
   (You found it on level 9 of the Dungeon)

   [amulet of magic regeneration]

   It increases your magic regeneration.
   It affects your strength (+3).
   It affects your dexterity (-3).
   It protects you from fire.
   It lets you turn invisible.
 L - the ring of Ruich (right hand) {rF+ Str-2 Int+3 Dex+4 Stlth+}
   (You found it on level 9 of the Dungeon)

   [ring of protection from fire]

   It affects your strength (-2).
   It affects your intelligence (+3).
   It affects your dexterity (+4).
   It protects you from fire.
   It makes you more stealthy.
 P - an uncursed ring of resist corrosion
 Q - an uncursed ring of fire
Wands
 m - a wand of paralysis (35)
 C - a wand of digging (11)
 T - a wand of acid (15)
 U - a wand of polymorph (17)
 V - a wand of random effects (10)
Scrolls
 n - a scroll of remove curse
 s - 4 scrolls of amnesia
 u - a scroll of silence {unknown}
 G - 2 scrolls of teleportation
 O - a scroll of fog {unknown}
Potions
 e - 8 potions of heal wounds
 f - 5 potions of flight
 k - 4 potions of mutation
 l - 3 potions of magic
 p - 7 potions of curing
 q - a potion of lignification
 r - 5 potions of haste
 t - a potion of agility {unknown}
 z - 3 potions of resistance
 A - a potion of experience {unknown}
 D - a potion of might
 E - a potion of invisibility {unknown}
Books
 c - a book of Maledictions

   Spells                             Type                      Level
   a - Corona                         Hexes                        1
   b - Ensorcelled Hibernation        Hexes/Ice                    2
   c - Confuse                        Hexes                        3
   d - Tukima's Dance                 Hexes                        3
   e - Dazzling Spray                 Conjuration/Hexes            3
 x - a book of Misfortune

   Spells                             Type                      Level
   a - Confusing Touch                Hexes                        1
   b - Confuse                        Hexes                        3
   c - Gell's Gravitas                Translocation                3
   d - Petrify                        Transmutation/Earth          4
   e - Metabolic Englaciation         Hexes/Ice                    5
   f - Yara's Violent Unravelling     Hexes/Transmutation          5
 F - a book of Conjurations

   Spells                             Type                      Level
   a - Magic Dart                     Conjuration                  1
   b - Searing Ray                    Conjuration                  2
   c - Dazzling Spray                 Conjuration/Hexes            3
   d - Fulminant Prism                Conjuration/Hexes            4
   e - Force Lance                    Conjuration/Translocation    4
   f - Iskenderun's Mystic Blast      Conjuration                  4
 W - the Disquisition on the Traveller
   (You found it in a labyrinth)

   Spells                             Type                      Level
   a - Apportation                    Translocation                1
   b - Shroud of Golubria             Charms/Translocation         2
   c - Lesser Beckoning               Translocation                3
   d - Force Lance                    Conjuration/Translocation    4
   e - Controlled Blink               Translocation                8
Comestibles
 d - 24 rations


   Skills:
 + Level 7.4 Fighting
 + Level 8.0 Short Blades
 + Level 7.4 Long Blades
 + Level 7.4 Axes
 + Level 7.4 Maces & Flails
 + Level 7.4 Polearms
 + Level 7.4 Staves
 + Level 7.4 Slings
 + Level 7.4 Bows
 + Level 7.4 Crossbows
 + Level 7.4 Throwing
 + Level 7.4 Armour
 + Level 8.8 Dodging
 + Level 9.6 Stealth
 + Level 7.4 Shields
 + Level 7.4 Unarmed Combat
 + Level 9.1 Spellcasting
 + Level 6.2 Conjurations
 + Level 8.4 Hexes
 + Level 6.2 Charms
 + Level 6.2 Summonings
 + Level 6.2 Necromancy
 + Level 6.2 Translocations
 + Level 6.2 Transmutations
 + Level 6.2 Fire Magic
 + Level 6.2 Ice Magic
 + Level 6.2 Air Magic
 + Level 6.2 Earth Magic
 + Level 6.2 Poison Magic
 + Level 8.2 Invocations
 + Level 7.4 Evocations


You had 19 spell levels left.
You knew the following spells:

 Your Spells              Type           Power        Failure   Level  Hunger
a - Metabolic Englaciati  Hex/Ice        ######....   7%          5    ####...
b - Ensorcelled Hibernat  Hex/Ice        ######       1%          2    None
c - Confuse               Hex            ######..     1%          3    None


Dungeon Overview and Level Annotations

Branches:
Dungeon (9/15)             Temple (1/1) D:4            Lair (2/6) D:9
  Swamp: Lair:2-4    Shoals: Lair:2-4     Snake: Lair:2-4    Spider: Lair:2-4
    Orc: D:9-12

Altars:
Ashenzari
Cheibriados
Dithmenos
Elyvilon
Fedhas
Gozag
Hepliaklqana
Kikubaaqudgha
Makhleb
Nemelex Xobeh
Qazlal
Ru
Sif Muna
Trog
Uskayaw
Vehumet
Wu Jian
Xom
Yredelemnul
Zin
The Shining One

Shops:
D:5 [   D:8 !


Innate Abilities, Weirdness & Mutations

Your experience applies equally to all skills.
You have very sharp teeth.
Your uncanny sense of smell can sniff out nearby items.


Message History

Aiming: Ensorcelled Hibernation
Press: ? - help, Shift-Dir - straight line, f - komodo dragon
Aim: a komodo dragon (chance to defeat MR: 55%)
The komodo dragon resists with some effort.
The spiny frog barely misses you.
The komodo dragon completely misses you.
You spin and attack the komodo dragon repeatedly.
You hit the komodo dragon.
You bite the komodo dragon, but do no damage.
The komodo dragon is lightly wounded.
You barely miss the komodo dragon.
The komodo dragon is lightly wounded.
The komodo dragon barely misses you.
You spin and attack the komodo dragon repeatedly.
You hit the komodo dragon.
The komodo dragon is lightly wounded.
You hit the komodo dragon.
The komodo dragon is lightly wounded.
The komodo dragon bites you!!
You die...

.................P..
...................
##...........#...... #
####.........P###......
##<#.#.#..............P<..
##......#...........P#.....
#......#.(...Y.............
#.####....l†.........YY...
#..P....@F...............
#......#.................
#...#.#.#...#............
###...####.#............(.
#....#....##..............
##..##.##.##..............
#<...# .##......P.........
###....P##...#............
##....... #.............


You could see a death yak, a komodo dragon (pinned) and a spiny frog.

Vanquished Creatures
  A minotaur (Lab)
  2 hydras
  Erica (Lair:1)
  3 death yaks (Lair:1)
  An unseen horror (D:9)
  An orc knight (Bailey)
  Pikel (D:9)
  4 elephants (Lair:2)
  A black mamba (Lair:2)
  6 spiny frogs
  A gargoyle (D:9)
  A komodo dragon (Lair:1)
  4 trolls (D:9)
  3 hippogriffs
  9 blink frogs
  A centaur simulacrum (D:9)
  3 hogs (D:8)
  A wyvern (D:9)
  6 yaks
  A human (D:8)
  A soldier ant (D:9)
  2 hell hounds (D:9)
  A porcupine (Lair:2)
  2 slaves (D:9)
  4 water moccasins
  3 ice beasts
  5 phantoms
  3 orc warriors
  A black bear (D:9)
  2 ogres
  A sky beast (D:5)
  3 wolves (Lair:2)
  2 centaurs
  2 big kobolds
  A crocodile (Lair:2)
  7 bullfrogs
  Blork the orc (D:4)
  A water moccasin zombie (D:9)
  3 scorpions
  6 wights (D:6)
  A howler monkey (D:6)
  An electric eel (Lair:1)
  8 crimson imps
  A quasit (D:7)
  5 jellies
  7 hounds
  9 orc wizards
  2 centaur skeletons
  2 orc priests
  6 iguanas
  6 worker ants
  A hound skeleton (D:5)
  A worker ant zombie (D:9)
  12 adders
  21 gnolls
  4 river rats (D:6)
  3 shadow imps
  3 oozes
  2 adder skeletons
  A worm (D:6)
  2 dart slugs
  4 leopard geckos
  31 orcs
  6 bats
  6 giant cockroaches
  11 goblins
  15 hobgoblins
  18 jackals
  2 quokkas (D:9)
  3 ball pythons
  A frilled lizard (D:1)
  31 kobolds
  12 rats
  A butterfly (D:4)
341 creatures vanquished.

Vanquished Creatures (others)
  A slave (D:9)
  An ogre (D:9)
  A howler monkey zombie (D:9)
  2 fungi (Lair:2)
5 creatures vanquished.

Grand Total: 346 creatures vanquished

Notes
Turn   | Place    | Note
-------+----------+-------------------------------------------
     0 | D:1      | wilfster70 the Gnoll Enchanter began the quest for the Orb.
     0 | D:1      | Reached XP level 1. HP: 13/13 MP: 6/6
   241 | D:1      | Reached XP level 2. HP: 19/19 MP: 7/7
   256 | D:1      | Learned a level 2 spell: Ensorcelled Hibernation
   746 | D:1      | Reached XP level 3. HP: 11/25 MP: 9/9
   750 | D:1      | Reached skill level 5 in Spellcasting
  1323 | D:2      | Reached skill level 1 in Invocations
  1526 | D:2      | Reached skill level 1 in Fighting
  1526 | D:2      | Reached skill level 1 in Long Blades
  1526 | D:2      | Reached skill level 1 in Axes
  1526 | D:2      | Reached skill level 1 in Maces & Flails
  1526 | D:2      | Reached skill level 1 in Polearms
  1526 | D:2      | Reached skill level 1 in Staves
  1526 | D:2      | Reached skill level 1 in Slings
  1526 | D:2      | Reached skill level 1 in Bows
  1526 | D:2      | Reached skill level 1 in Crossbows
  1526 | D:2      | Reached skill level 1 in Throwing
  1526 | D:2      | Reached skill level 1 in Armour
  1526 | D:2      | Reached skill level 1 in Shields
  1526 | D:2      | Reached skill level 1 in Unarmed Combat
  1526 | D:2      | Reached skill level 1 in Evocations
  1526 | D:2      | Reached XP level 4. HP: 18/32 MP: 2/11
  1928 | D:2      | Reached skill level 1 in Conjurations
  1928 | D:2      | Reached skill level 1 in Charms
  1928 | D:2      | Reached skill level 1 in Summonings
  1928 | D:2      | Reached skill level 1 in Necromancy
  1928 | D:2      | Reached skill level 1 in Translocations
  1928 | D:2      | Reached skill level 1 in Transmutations
  1928 | D:2      | Reached skill level 1 in Fire Magic
  1928 | D:2      | Reached skill level 1 in Ice Magic
  1928 | D:2      | Reached skill level 1 in Air Magic
  1928 | D:2      | Reached skill level 1 in Earth Magic
  1928 | D:2      | Reached skill level 1 in Poison Magic
  1928 | D:2      | Reached XP level 5. HP: 37/37 MP: 12/12
  3166 | D:4      | Reached XP level 6. HP: 44/44 MP: 8/13
  3171 | D:4      | Learned a level 3 spell: Confuse
  3419 | D:4      | Reached skill level 5 in Dodging
  3576 | D:4      | Found a staircase to the Ecumenical Temple.
  3577 | D:4      | Reached XP level 7. HP: 50/50 MP: 11/15
  3588 | Temple   | Entered the Ecumenical Temple
  3667 | D:4      | Found a shadowy altar of Dithmenos.
  3714 | Temple   | Became a worshipper of the Wu Jian Council
  3945 | D:4      | Noticed Blork the orc
  3951 | D:4      | Killed Blork the orc
  4192 | D:5      | Entered Level 5 of the Dungeon
  4327 | D:5      | Reached XP level 8. HP: 28/57 MP: 11/16
  4676 | D:5      | Got an ebony trident
  4679 | D:5      | Identified the cursed +1 trident of Midsummer {flame, Stlth+} (You found it on level 5 of the Dungeon)
  4801 | D:5      | Found Soarghia's Armour Emporium.
  4807 | D:5      | Bought a +2 pair of boots for 198 gold pieces
  5488 | D:6      | Found a shattered altar of Ashenzari.
  5488 | D:6      | Found a deep blue altar of Sif Muna.
  5778 | D:6      | Reached XP level 9. HP: 65/65 MP: 9/18
  5780 | D:6      | Reached * piety under Wu Jian
  6037 | D:6      | Found a glowing drain.
  6751 | D:7      | Reached skill level 5 in Short Blades
  6877 | D:7      | Reached ** piety under Wu Jian
  7599 | D:8      | Got a pair of heavily runed gloves
  7605 | D:8      | Identified the +1 pair of gloves of the Heron {*Corrode +Fly Dex-3 SInv} (You found it on level 8 of the Dungeon)
  7645 | D:8      | Found a flagged portal.
  7667 | Bailey   | Entered a bailey
  8172 | Bailey   | Noticed an orc knight
  8236 | Bailey   | Reached *** piety under Wu Jian
  8384 | Bailey   | Killed an orc knight
  8384 | Bailey   | Reached skill level 5 in Invocations
  8384 | Bailey   | Reached XP level 10. HP: 26/73 MP: 11/20
  8912 | D:8      | Reached skill level 5 in Fighting
  8912 | D:8      | Reached skill level 5 in Long Blades
  8912 | D:8      | Reached skill level 5 in Axes
  8912 | D:8      | Reached skill level 5 in Maces & Flails
  8912 | D:8      | Reached skill level 5 in Polearms
  8912 | D:8      | Reached skill level 5 in Staves
  8912 | D:8      | Reached skill level 5 in Slings
  8912 | D:8      | Reached skill level 5 in Bows
  8912 | D:8      | Reached skill level 5 in Crossbows
  8912 | D:8      | Reached skill level 5 in Throwing
  8912 | D:8      | Reached skill level 5 in Armour
  8912 | D:8      | Reached skill level 5 in Shields
  8912 | D:8      | Reached skill level 5 in Unarmed Combat
  8912 | D:8      | Reached skill level 5 in Evocations
  9434 | D:8      | Found Toax's Distillery.
  9487 | D:8      | Found a sacrificial altar of Ru.
  9686 | D:9      | Learned a level 5 spell: Metabolic Englaciation
  9917 | D:9      | Reached **** piety under Wu Jian
  9931 | D:9      | Got a bloodstained fustibalus
  9932 | D:9      | Identified the +9 fustibalus "Gieroeh" {speed, rF++ MR++} (You found it on level 9 of the Dungeon)
  9985 | D:9      | Noticed Pikel
  9993 | D:9      | Killed Pikel
 10175 | D:9      | Found a staircase to the Lair.
 10581 | D:9      | Reached XP level 11. HP: 81/81 MP: 5/22
 10910 | D:9      | Noticed an unseen horror
 10917 | D:9      | Killed an unseen horror
 10958 | D:9      | Reached skill level 5 in Conjurations
 10958 | D:9      | Reached skill level 5 in Charms
 10958 | D:9      | Reached skill level 5 in Summonings
 10958 | D:9      | Reached skill level 5 in Necromancy
 10958 | D:9      | Reached skill level 5 in Translocations
 10958 | D:9      | Reached skill level 5 in Transmutations
 10958 | D:9      | Reached skill level 5 in Fire Magic
 10958 | D:9      | Reached skill level 5 in Ice Magic
 10958 | D:9      | Reached skill level 5 in Air Magic
 10958 | D:9      | Reached skill level 5 in Earth Magic
 10958 | D:9      | Reached skill level 5 in Poison Magic
 10960 | D:9      | Got a steaming ruby amulet
 11222 | D:9      | Got a pitted copper amulet
 11230 | D:9      | Got a sparkling ruby amulet
 11233 | D:9      | Got a glittering tin ring
 11239 | D:9      | Identified the amulet "Nessel" {Spirit *Slow rC++ Slay+6} (You took it off an orc warrior on level 9 of the Dungeon)
 11240 | D:9      | Identified the amulet of Onuumy {RegenMP +Inv rF+ Str+3 Dex-3} (You found it on level 9 of the Dungeon)
 11242 | D:9      | Identified the ring of Ruich {rF+ Str-2 Int+3 Dex+4 Stlth+} (You found it on level 9 of the Dungeon)
 11527 | D:9      | Reached ***** piety under Wu Jian
 11635 | D:9      | Found a stormy altar of Qazlal.
 11749 | D:9      | Identified the amulet "Guul Bae" {+Rage rC+ Int+4 SInv} (You found it on level 9 of the Dungeon)
 11777 | Lair:1   | Entered Level 1 of the Lair of Beasts
 11777 | Lair:1   | Noticed a five-headed hydra
 12157 | Lair:1   | Noticed Erica
 12163 | Lair:1   | Killed Erica
 12257 | Lair:1   | Found a labyrinth entrance.
 12266 | Lab      | Entered a labyrinth
 12355 | Lab      | Noticed a minotaur
 12361 | Lab      | Killed a minotaur
 12372 | Lab      | Identified the Disquisition on the Traveller
 12376 | Lab      | Got a pair of pitted boots
 12392 | Lair:1   | Identified the cursed +0 pair of boots "Dyroch" {rPois MR+ Str+3} (You found it in a labyrinth)
 12525 | Lair:1   | Killed a five-headed hydra
 12984 | Lair:1   | Reached XP level 12. HP: 89/89 MP: 21/24
 13498 | Lair:2   | Noticed a six-headed hydra
 13508 | Lair:2   | Killed a six-headed hydra
 14141 | Lair:2   | Noticed a death yak
 14142 | Lair:2   | Noticed a death yak
 14142 | Lair:2   | Noticed a death yak
 14143 | Lair:2   | Noticed a death yak
 14144 | Lair:2   | Noticed a death yak
 14228 | Lair:1   | Killed a death yak
 14532 | Lair:1   | Killed a death yak
 14534 | Lair:1   | Killed a death yak
 14820 | Lair:2   | Slain by a komodo dragon

Skill      XL: |  1  2  3  4  5  6  7  8  9 10 11 12 |
---------------+-------------------------------------+-----
Spellcasting   | 5 6 7 8 9 |  9.1
Stealth        | 6 7 8 9 |  9.6
Invocations    | 1 2 3 4 5 6 7 8 |  8.2
Fighting       | 1 2 3 4 5 6 7 |  7.4
Long Blades    | 1 2 3 4 5 6 7 |  7.4
Axes           | 1 2 3 4 5 6 7 |  7.4
Maces & Flails | 1 2 3 4 5 6 7 |  7.4
Polearms       | 1 2 3 4 5 6 7 |  7.4
Staves         | 1 2 3 4 5 6 7 |  7.4
Slings         | 1 2 3 4 5 6 7 |  7.4
Bows           | 1 2 3 4 5 6 7 |  7.4
Crossbows      | 1 2 3 4 5 6 7 |  7.4
Throwing       | 1 2 3 4 5 6 7 |  7.4
Armour         | 1 2 3 4 5 6 7 |  7.4
Shields        | 1 2 3 4 5 6 7 |  7.4
Unarmed Combat | 1 2 3 4 5 6 7 |  7.4
Evocations     | 1 2 3 4 5 6 7 |  7.4
Conjurations   | 1 2 3 4 5 6 |  6.2
Charms         | 1 2 3 4 5 6 |  6.2
Summonings     | 1 2 3 4 5 6 |  6.2
Necromancy     | 1 2 3 4 5 6 |  6.2
Translocations | 1 2 3 4 5 6 |  6.2
Transmutations | 1 2 3 4 5 6 |  6.2
Fire Magic     | 1 2 3 4 5 6 |  6.2
Ice Magic      | 1 2 3 4 5 6 |  6.2
Air Magic      | 1 2 3 4 5 6 |  6.2
Earth Magic    | 1 2 3 4 5 6 |  6.2
Poison Magic   | 1 2 3 4 5 6 |  6.2
Short Blades   | 3 4 5 6 7 8 |  8.0
Dodging        | 5 6 7 8 |  8.8
Hexes          | 6 7 8 |  8.4

Action                   |  1- 3 |  4- 6 |  7- 9 | 10-12 || total
-------------------------+-------+-------+-------+-------++-------
Melee: Dagger            |   102 |    84 |   238 |   207 ||   631
       Spear             |    17 |       |    14 |       ||    31
       Bite              |    11 |     2 |    23 |    31 ||    67
       Trident           |       |       |    14 |       ||    14
       Punch             |       |       |     4 |     9 ||    13
       Halberd           |       |       |       |    94 ||    94
       Scimitar          |       |       |       |     5 ||     5
 Fire: Fustibalus        |       |       |       |    83 ||    83
Throw: Stone             |       |       |     1 |       ||     1
 Cast: Ensorcelled Hiber |    11 |    41 |    97 |   152 ||   301
       Confuse           |       |       |    22 |     4 ||    26
Invok: Lunge             |       |       |    59 |    37 ||    96
       Wall Jump         |       |       |     7 |    17 ||    24
       Whirlwind         |       |       |     4 |    17 ||    21
  Use: Scroll            |       |     7 |    13 |     6 ||    26
       Potion            |       |       |       |     1 ||     1
 Stab: Sleeping          |     8 |    38 |    86 |    97 ||   229
       Distracted        |       |     1 |       |       ||     1
       Confused          |       |       |    21 |     6 ||    27
  Eat: Chunk             |     2 |     7 |     8 |    15 ||    32
       Ration            |       |       |     2 |     2 ||     4
Armor: Robe              |    21 |    21 |     1 |       ||    43
       Leather armour    |       |       |    43 |    90 ||   133
Dodge: Dodged            |   102 |    87 |   130 |   284 ||   603
       Rpst.: Scimitar   |       |       |       |     2 ||     2
